AoeStats
← SHK

MegaRandom

510746196Analyzed
2v2 RM · 18h ago on Oct 2, 2026· 30m 23s· 4 players
Game mode
Random Map
Map size
Medium (4 player)
Population
200
Speed
Normal
Resources
Standard
Victory
Conquest
Starting age
Dark Age
Ending age
Imperial Age
RankedLock teamsTeams togetherTeam positionsShared explorationLock speedFull tech treeHidden civsTurbo modeCheats
Victory
Defeat
🇰🇷 Cumans · South Korea
1119
+14
🇪🇸 Spanish · Spain
1103
+15
🇹🇷 Cumans · Türkiye
1098
-15
🇹🇷 Armenians · Türkiye
1076
-14
Ramazancimbisn
13:57 Feudal Age
13:43 Loom
14:56 Double-Bit Axe
29:00 Castle Age
27:53 Man-at-Arms
29:05 Long Swordsman
DÜBELCİ
5:11 Loom
11:29 Feudal Age
12:10 Man-at-Arms
16:53 Horse Collar
21:54 Castle Age
20:03 Double-Bit Axe
20:18 Gold Mining
22:44 Husbandry
23:48 Scale Mail Armor
23:51 Squires
23:12 Pikeman
25:03 Heavy Plow
25:17 Bow Saw
29:22 Wheelbarrow
SHK
0:37 Loom
12:23 Feudal Age
13:01 Double-Bit Axe
21:34 Castle Age
22:30 Bloodlines
22:12 Horse Collar
23:02 Forging
22:58 Scale Barding Armor
26:21 Iron Casting
27:29 Chain Barding Armor
29:12 Wheelbarrow
28:51 Bow Saw
29:11 Heavy Plow
29:49 Fletching
Elmarques
0:34 Loom
12:52 Feudal Age
18:08 Castle Age
17:47 Stone Mining
17:44 Double-Bit Axe
22:31 Fletching
23:05 Medium Warships
24:03 Town Watch
24:55 Wheelbarrow
28:03 Bow Saw
28:02 Horse Collar
Connection lost

Rejoining the realm…

Still unreachable

The connection could not be restored.

Session expired

The server has moved on; the page needs a fresh start.